[Event "Titled Tuesday Blitz October 31 Late 2023"]
[White "Suarez Uriel, Adrian"]
[Black "thechessnoob12345"]
[WhiteFideId "22230874"]
[WhiteElo "2473"]
[BlackElo "2275"]
[Result "1-0"]
[Round "2"]
[TimeControl "180+1"]
[Date "2023.10.31"]
[WhiteClock "0:01:51"]
[BlackClock "0:00:17"]
[Board "139"]

1. d4 Nf6 2. c4 e6 3. Nf3 c5 4. d5 exd5 5. cxd5 d6 6. Nc3 g6 7. h3 Bg7 8. Bf4 O-O 9. e3 a6 10. a4 Nh5 11. Bh2 f5 12. Be2 Qe7 13. O-O Nd7 14. Nd2 Nhf6 15. Nc4 Ne8 16. Qc2 Rb8 17. a5 Ne5 18. Nxe5 Bxe5 19. Bxe5 Qxe5 20. Na4 Nf6 21. Nb6 Bd7 22. Bd3 Rfe8 23. Rae1 Bb5 24. Bxb5 axb5 25. Qb3 b4 26. Rd1 Rbd8 27. Rfe1 f4 28. exf4 Qxe1+ 29. Rxe1 Rxe1+ 30. Kh2 Re4 31. g3 Rd4 32. Qa4 Nxd5 33. Nxd5 Kf7 34. Ne3 c4 35. Qxb4 Rd7 36. Nxc4 Ke7 37. Qb5 d5 38. Ne3 Rd2 39. Kg2 1-0


[Site "https://www.chess.com"]

[Event "Titled Tuesday Blitz October 31 Late 2023"]
[White "Molenda, Marcin"]
[Black "Smirnov, Timofey"]
[WhiteFideId "1173065"]
[BlackFideId "24176427"]
[WhiteElo "2470"]
[BlackElo "2271"]
[Result "1-0"]
[Round "2"]
[TimeControl "180+1"]
[Date "2023.10.31"]
[WhiteClock "0:00:41"]
[BlackClock "0:00:00"]
[Board "140"]

1. e4 e5 2. Nf3 Nf6 3. Nc3 Bb4 4. a3 Bxc3 5. dxc3 d6 6. Bc4 Be6 7. Bxe6 fxe6 8. Qe2 O-O 9. Bg5 Nbd7 10. O-O-O h6 11. Bxf6 Nxf6 12. Nxe5 Qe8 13. Nd3 Rd8 14. f4 d5 15. e5 Ne4 16. g3 c5 17. Nf2 Qa4 18. Nxe4 dxe4 19. Rhe1 b5 20. Qxe4 Rxd1+ 21. Kxd1 Rd8+ 22. Kc1 b4 23. cxb4 cxb4 24. Qxb4 Qd7 25. Kb1 Qc7 26. Qe4 Qa5 27. Re3 Qd2 28. h4 Rd4 29. Qa8+ Rd8 30. Qxa7 Qd1+ 31. Ka2 Qd5+ 32. Rb3 Qc4 33. Qa5 Rc8 34. Qc3 Qa6 35. Qd3 Qc6 36. Rc3 Qb7 37. Rxc8+ Qxc8 38. c4 Qc5 39. a4 Kh8 40. Qc3 Kh7 41. a5 Qc6 42. Qd3+ Kh8 43. Qb3 Kh7 44. Qb5 Qc7 45. Qa4 Kg8 46. a6 Qa7 47. Qb5 Kh7 48. c5 Qc7 49. Qb6 Qd7 50. Qa5 Qd5+ 51. Ka3 Qd3+ 52. b3 1-0


[Site "https://www.chess.com"]

[Event "Titled Tuesday Blitz October 31 Late 2023"]
[White "Vifleemskaia, Svetlana"]
[Black "Pniaczek, Marek"]
[WhiteFideId "4129490"]
[BlackFideId "21800421"]
[WhiteElo "2270"]
[BlackElo "2469"]
[Result "1-0"]
[Round "2"]
[TimeControl "180+1"]
[Date "2023.10.31"]
[WhiteClock "0:00:18"]
[BlackClock "0:01:21"]
[Board "141"]

1. d4 Nf6 2. c4 e6 3. Nc3 d5 4. cxd5 exd5 5. Bg5 c6 6. e3 Bd6 7. Bd3 O-O 8. Qc2 h6 9. Bh4 Re8 10. Nge2 a5 11. a3 Na6 12. h3 Nc7 13. O-O Ne6 14. f4 b5 15. g4 Bb7 16. Qd2 Ne4 17. Bxe4 Qxh4 18. Bg2 h5 19. Qe1 Qxe1 20. Rfxe1 hxg4 21. hxg4 g5 22. f5 Nf8 23. Kf2 Nh7 24. Ng3 Nf6 25. Bf3 Kg7 26. e4 Bxg3+ 27. Kxg3 dxe4 28. Nxe4 Nxe4+ 29. Rxe4 Rxe4 30. Bxe4 Rd8 31. Rd1 f6 32. Kf3 Kf8 33. Rh1 Kg7 34. Rd1 Rd6 35. Ke3 Bc8 36. Rc1 Bd7 37. b4 a4 38. Rh1 Be8 39. Rc1 Bf7 40. Rxc6 1-0


[Site "https://www.chess.com"]

[Event "Titled Tuesday Blitz October 31 Late 2023"]
[White "kaanadayhamle"]
[Black "Sramek, Vojtech"]
[BlackFideId "358681"]
[WhiteElo "2468"]
[BlackElo "2265"]
[Result "0-1"]
[Round "2"]
[TimeControl "180+1"]
[Date "2023.10.31"]
[WhiteClock "0:00:18"]
[BlackClock "0:00:17"]
[Board "142"]

1. Nf3 c5 2. c4 g6 3. g3 Bg7 4. Bg2 Nc6 5. O-O d6 6. Nc3 Qd7 7. e3 Bxc3 8. bxc3 b6 9. d4 Bb7 10. e4 f6 11. Be3 e5 12. d5 Na5 13. Nd2 Ne7 14. Qe2 h5 15. Nb3 Qa4 16. Nxa5 Qxa5 17. Rfc1 O-O-O 18. a4 Ba6 19. h4 Kc7 20. Qa2 f5 21. Bg5 Rde8 22. exf5 gxf5 23. Qc2 Bxc4 24. Bxe7 Rxe7 25. Qxf5 Qa6 26. Qf6 Rhe8 27. Qg6 Qb7 28. Qxh5 Bxd5 29. Bxd5 Qxd5 30. Rd1 Qc4 31. a5 b5 32. a6 e4 33. Qg6 d5 34. Qg5 e3 35. Rxd5 exf2+ 36. Kg2 Qe4+ 37. Kxf2 Qc2+ 38. Rd2 Re2+ 39. Kg1 Qxd2 40. Qxc5+ Kd7 41. Qxb5+ Ke7 42. Qg5+ Qxg5 43. hxg5 Kf7 44. Rb1 Re1+ 45. Rxe1 Rxe1+ 46. Kf2 Ra1 47. Ke3 0-1


[Site "https://www.chess.com"]

[Event "Titled Tuesday Blitz October 31 Late 2023"]
[White "Cardozo Munar, Carlos Eduardo"]
[Black "Kunin, Vitaly"]
[WhiteFideId "4409477"]
[BlackFideId "4128737"]
[WhiteElo "2264"]
[BlackElo "2467"]
[Result "0-1"]
[Round "2"]
[TimeControl "180+1"]
[Date "2023.10.31"]
[WhiteClock "0:00:47"]
[BlackClock "0:02:06"]
[Board "143"]

1. d4 d5 2. c3 c5 3. Nf3 e6 4. e3 f5 5. h3 Nf6 6. Bd3 Nc6 7. g4 g6 8. Nbd2 Bd6 9. dxc5 Bxc5 10. gxf5 gxf5 11. Nb3 Bb6 12. Nbd4 Bd7 13. a4 Qe7 14. Nxc6 bxc6 15. Ne5 Bc7 16. Nxd7 Qxd7 17. a5 O-O 18. Rg1+ Kh8 19. Qf3 Rg8 20. Rxg8+ Rxg8 21. Ke2 Ne4 22. Bd2 c5 23. c4 Be5 24. Rb1 Nxd2 25. Kxd2 dxc4 26. Qe2 Rd8 27. Ke1 Qxd3 28. Qxd3 cxd3 29. Kd2 c4 30. Rc1 Rc8 31. b3 c3+ 32. Kxd3 Rd8+ 33. Kc4 Rd2 34. f4 Bf6 35. b4 c2 36. Kb3 Rd3+ 37. Kxc2 Rc3+ 38. Kd2 Rxc1 39. Kxc1 Bc3 40. b5 Bxa5 41. Kc2 Bb6 42. Kd3 Kg7 43. e4 Kg6 0-1


[Site "https://www.chess.com"]

[Event "Titled Tuesday Blitz October 31 Late 2023"]
[White "Slavin, Alexey"]
[Black "Mmukka"]
[WhiteFideId "24104388"]
[WhiteElo "2258"]
[BlackElo "2466"]
[Result "0-1"]
[Round "2"]
[TimeControl "180+1"]
[Date "2023.10.31"]
[WhiteClock "0:00:12"]
[BlackClock "0:00:28"]
[Board "144"]

1. e4 c5 2. g3 d5 3. exd5 Qxd5 4. Qf3 Qxf3 5. Nxf3 Nc6 6. a3 Nf6 7. d3 g6 8. Bg2 Bg7 9. Nc3 O-O 10. O-O h6 11. Be3 Nd7 12. Na4 Nd4 13. Nxd4 cxd4 14. Bd2 Rb8 15. b4 b5 16. Nb2 Bb7 17. Rfe1 e6 18. a4 Bxg2 19. Kxg2 Rfc8 20. Rec1 a6 21. axb5 axb5 22. Nd1 Rb7 23. c4 dxc3 24. Nxc3 Nb6 25. Ra6 Nd7 26. Ne4 Rxc1 27. Bxc1 Rc7 28. Be3 Ne5 29. Rd6 Bf8 30. Rd8 Kg7 31. Bb6 Rd7 32. Rxd7 Nxd7 33. Bc5 f5 34. Bxf8+ Kxf8 35. Nd6 Nb6 36. Nxb5 Nd5 37. Nd4 Nxb4 38. Nxe6+ Kf7 39. Nf4 g5 40. Nh5 Nxd3 41. f4 g4 42. h3 Kg6 43. hxg4 fxg4 44. f5+ Kxh5 45. Kf1 Kg5 46. Ke2 Ne5 0-1


[Site "https://www.chess.com"]

[Event "Titled Tuesday Blitz October 31 Late 2023"]
[White "Lock, Gavin R"]
[Black "Ventura Bolet, Maxim"]
[WhiteFideId "408646"]
[BlackFideId "22238824"]
[WhiteElo "2254"]
[BlackElo "2463"]
[Result "0-1"]
[Round "2"]
[TimeControl "180+1"]
[Date "2023.10.31"]
[WhiteClock "0:01:42"]
[BlackClock "0:02:16"]
[Board "145"]

1. e4 Nf6 2. e5 Nd5 3. d4 d6 4. c4 Nb6 5. exd6 cxd6 6. Nf3 g6 7. h3 Bg7 8. Be2 O-O 9. Nc3 Nc6 10. O-O Bf5 11. d5 Na5 12. Nd4 Naxc4 13. a4 a5 14. Nxf5 gxf5 15. Bd3 e6 16. Qe2 Ne5 17. Be3 Nxd3 18. Qd2 0-1


[Site "https://www.chess.com"]

[Event "Titled Tuesday Blitz October 31 Late 2023"]
[White "Florianovitz, Derlei Alex"]
[Black "Arutla, Aditya"]
[WhiteFideId "2114178"]
[BlackFideId "30961998"]
[WhiteElo "2245"]
[BlackElo "2461"]
[Result "0-1"]
[Round "2"]
[TimeControl "180+1"]
[Date "2023.10.31"]
[WhiteClock "0:00:43"]
[BlackClock "0:01:22"]
[Board "146"]

1. e4 e5 2. Nf3 Nc6 3. Bb5 a6 4. Ba4 d6 5. O-O Bd7 6. c3 Nf6 7. Re1 g6 8. d4 Bg7 9. Nbd2 O-O 10. Nf1 b5 11. Bb3 Na5 12. dxe5 dxe5 13. Nxe5 Nxb3 14. axb3 Qe7 15. Nxd7 Nxd7 16. b4 Ne5 17. Bf4 Rad8 18. Bd2 Nd3 19. Re2 Nxb2 20. Qc2 Nc4 21. Rxa6 Rd7 22. Bf4 Rfd8 23. Ra1 Qf6 24. Bg3 Qxc3 25. Qxc3 Bxc3 26. Rb1 Rd1 27. Rxd1 Rxd1 28. Bxc7 Nd2 29. Rxd2 Bxd2 30. Bd6 Rb1 31. f3 Bxb4 32. Bxb4 Rxb4 33. Kf2 Rb2+ 34. Kg3 Re2 35. Ne3 Rxe3 0-1


[Site "https://www.chess.com"]

[Event "Titled Tuesday Blitz October 31 Late 2023"]
[White "Rangel, Daniel"]
[Black "Broca Jimenez, Fernando"]
[WhiteFideId "2124475"]
[BlackFideId "5104742"]
[WhiteElo "2456"]
[BlackElo "2243"]
[Result "1-0"]
[Round "2"]
[TimeControl "180+1"]
[Date "2023.10.31"]
[WhiteClock "0:00:09"]
[BlackClock "0:00:27"]
[Board "147"]

1. c4 g6 2. Nc3 Bg7 3. d4 Nf6 4. e4 d6 5. Nf3 O-O 6. Be2 e5 7. O-O Nc6 8. d5 Ne7 9. Bd2 Nh5 10. Rc1 f5 11. Ne1 Nf4 12. Bf3 fxe4 13. Nxe4 h6 14. Bg4 Nf5 15. g3 Nh5 16. Bxh5 gxh5 17. Qxh5 Nd4 18. Bxh6 Bxh6 19. Qxh6 Ne2+ 20. Kg2 Nxc1 21. Qg6+ Kh8 22. Qh6+ Kg8 23. Qxc1 Bf5 24. Ng5 Qf6 25. h4 Rae8 26. Nc2 Bxc2 27. Qxc2 e4 28. Qe2 Re5 29. Qg4 Qf5 30. Qxf5 Rfxf5 31. Re1 Kg7 32. Rxe4 Rxg5 33. Rd4 Rgf5 34. Rd2 Re4 35. b3 Rfe5 36. Kf3 Re1 37. g4 Kg6 38. h5+ Kf6 39. Kg3 Rg1+ 40. Kf4 Rg2 41. Kf3 Rg1 42. Kf4 Ree1 43. f3 Re5 44. Rh2 Kg7 45. Rc2 Ree1 46. Rh2 Rd1 47. g5 Rgf1 48. h6+ Kh7 49. g6+ Kxg6 50. h7 Rd4+ 51. Ke3 Rh1 52. Rxh1 1-0


[Site "https://www.chess.com"]

[Event "Titled Tuesday Blitz October 31 Late 2023"]
[White "Lukey, Stephen G"]
[Black "Mystery2007"]
[WhiteFideId "4300386"]
[WhiteElo "2241"]
[BlackElo "2455"]
[Result "0-1"]
[Round "2"]
[TimeControl "180+1"]
[Date "2023.10.31"]
[WhiteClock "0:00:15"]
[BlackClock "0:01:28"]
[Board "148"]

1. d4 a6 2. e4 e6 3. Nf3 d5 4. e5 c5 5. c3 Nc6 6. Bd3 Bd7 7. O-O Nh6 8. Re1 Nf5 9. Bg5 Qb6 10. Bxf5 exf5 11. b3 cxd4 12. cxd4 Be6 13. Nc3 h6 14. Be3 Qa5 15. Na4 Be7 16. Bd2 Qc7 17. Rc1 O-O 18. Nc5 Rac8 19. Be3 Rfd8 20. Qd2 Bf8 21. Rc2 Qb8 22. Rec1 Na7 23. h4 b6 24. Nxa6 Qb7 25. Nc7 Rd7 26. Nxe6 fxe6 27. Rxc8 Nxc8 28. Qc2 Na7 29. g3 Ba3 30. Rd1 Rc7 31. Qd3 Qc8 32. Kg2 Rc3 33. Qa6 Qxa6 0-1


[Site "https://www.chess.com"]

[Event "Titled Tuesday Blitz October 31 Late 2023"]
[White "Rakitic2010"]
[Black "Bullen, Alex"]
[BlackFideId "1801627"]
[WhiteElo "2453"]
[BlackElo "2235"]
[Result "1-0"]
[Round "2"]
[TimeControl "180+1"]
[Date "2023.10.31"]
[WhiteClock "0:00:05"]
[BlackClock "0:00:00"]
[Board "149"]

1. e4 c6 2. Nf3 d5 3. exd5 cxd5 4. Ne5 Nc6 5. d4 Nf6 6. Bb5 Bd7 7. Bxc6 Bxc6 8. Nc3 g6 9. O-O Bg7 10. Re1 O-O 11. Bg5 e6 12. Qf3 h6 13. Bxf6 Qxf6 14. Qg3 Qf5 15. Re2 Bxe5 16. Qxe5 Qxe5 17. Rxe5 b5 18. Ne2 b4 19. Nf4 Ba4 20. b3 Bb5 21. a4 Bd7 22. Nd3 a5 23. Rae1 Rac8 24. Nc5 Rc7 25. f4 Rfc8 26. Kf2 Kg7 27. R1e2 Be8 28. g4 Rc6 29. g5 h5 30. h4 Kf8 31. Ke3 Ke7 32. Kd2 Kd6 33. Kc1 Kc7 34. Kb2 Kb6 35. R5e3 R8c7 36. Rd3 Rc8 37. Red2 R8c7 38. Rg3 Rc8 39. Rgg2 R8c7 40. Rgf2 Rc8 41. Rd1 R8c7 42. Rc1 Rc8 43. Rf3 R8c7 44. Re3 Rc8 45. Kb1 R8c7 46. Ree1 Bd7 47. Re3 Bc8 48. Kb2 Ba6 49. c3 bxc3+ 50. Rcxc3 Ka7 51. Re1 Rc8 52. Rec1 Be2 53. R1c2 Bg4 54. Ka3 Bf5 55. Rc1 R8c7 56. b4 axb4+ 57. Kxb4 Rb6+ 58. Ka3 Rc8 59. Nd7 Rxc3+ 60. Rxc3 Rb7 61. Ne5 Be4 62. Nc6+ Ka6 63. Ne5 Ka5 64. Rc5+ Ka6 65. Rc6+ Ka5 66. Rc5+ Ka6 67. Nc6 Bg2 68. Nb4+ Ka7 69. Ra5+ Kb8 70. Rb5 Rxb5 71. axb5 Kb7 72. Nc6 Bf1 73. Kb4 Kb6 74. Ne5 Bxb5 75. Nxf7 Bd3 76. Ne5 Bf5 77. Nd7+ Kc7 78. Nc5 Kb6 79. Nd7+ Kc6 80. Ne5+ Kb6 81. Nf7 Kc6 82. Ka5 Be4 83. Ne5+ 1-0


[Site "https://www.chess.com"]

[Event "Titled Tuesday Blitz October 31 Late 2023"]
[White "le-castor-faineant"]
[Black "Kubicka, Anna"]
[BlackFideId "1152254"]
[WhiteElo "2234"]
[BlackElo "2453"]
[Result "0-1"]
[Round "2"]
[TimeControl "180+1"]
[Date "2023.10.31"]
[WhiteClock "0:00:03"]
[BlackClock "0:01:43"]
[Board "150"]

1. e4 e5 2. Nf3 Nc6 3. Bc4 Nf6 4. O-O Bc5 5. Nc3 O-O 6. d3 a5 7. Bg5 h6 8. Bh4 Be7 9. a4 d6 10. Bb3 Nh7 11. Bxe7 Qxe7 12. Nd5 Qd8 13. d4 Be6 14. dxe5 Nxe5 15. Nxe5 dxe5 16. Ne3 Bxb3 17. cxb3 Qxd1 18. Rfxd1 Nf6 19. f3 Rfd8 20. Nd5 c6 21. Nxf6+ gxf6 22. Kf2 Kf8 23. Ke2 Ke7 24. Rxd8 Rxd8 25. Rd1 Rd4 26. Rxd4 exd4 27. Kd3 c5 28. f4 h5 29. g3 f5 30. e5 f6 31. exf6+ Kxf6 32. Kd2 Ke6 33. Ke2 Kd5 34. Kd3 Kd6 35. Kd2 Kc6 36. Ke2 b5 37. Kd2 bxa4 38. bxa4 c4 39. h3 Kd5 40. Kc2 Ke4 41. b3 cxb3+ 42. Kxb3 Ke3 43. h4 d3 44. g4 d2 45. gxf5 d1=Q+ 0-1


[Site "https://www.chess.com"]

[Event "Titled Tuesday Blitz October 31 Late 2023"]
[White "Mushini Ajay"]
[Black "Osmonbekov, Talaibek"]
[WhiteFideId "35066188"]
[BlackFideId "2017253"]
[WhiteElo "2445"]
[BlackElo "2231"]
[Result "0-1"]
[Round "2"]
[TimeControl "180+1"]
[Date "2023.10.31"]
[WhiteClock "0:00:00"]
[BlackClock "0:00:07"]
[Board "151"]

1. e4 c5 2. Nc3 g6 3. f4 Bg7 4. Nf3 Nc6 5. Bb5 Nd4 6. Nxd4 cxd4 7. Ne2 Qb6 8. Bc4 d3 9. Bxd3 d6 10. Ng3 Nf6 11. Be2 h5 12. e5 dxe5 13. fxe5 Ng4 14. d4 Bxe5 15. c3 Bd6 16. Qd3 Qc7 17. Bg5 Bf4 18. Bxf4 Qxf4 19. Rf1 Qe3 20. Qb5+ Bd7 21. Qxb7 Rd8 22. Rf3 Qg1+ 23. Nf1 Nxh2 24. O-O-O Nxf3 25. Bxf3 Qf2 26. Nd2 O-O 27. Qe4 Bf5 28. Qe5 Rd7 29. Rf1 Qh4 30. Be4 Bxe4 31. Nxe4 Rb8 32. Ng5 Rf8 33. Rf3 Qh1+ 34. Kc2 Qxg2+ 35. Kb3 Rb7+ 36. Kc4 Qxb2 37. Nxf7 Qxa2+ 38. Kd3 Rxf7 39. Rg3 Qb1+ 40. Ke3 Rb3 41. d5 Qc2 42. Kd4 Qf5 0-1


[Site "https://www.chess.com"]

[Event "Titled Tuesday Blitz October 31 Late 2023"]
[White "Clawitter, Craig"]
[Black "Perez Rodriguez, Jennifer"]
[WhiteFideId "2023105"]
[BlackFideId "3507831"]
[WhiteElo "2229"]
[BlackElo "2444"]
[Result "0-1"]
[Round "2"]
[TimeControl "180+1"]
[Date "2023.10.31"]
[WhiteClock "0:01:32"]
[BlackClock "0:02:31"]
[Board "152"]

1. e4 e5 2. Nf3 Nc6 3. Bc4 Bc5 4. d3 Nf6 5. O-O d6 6. c3 a6 7. Bb3 Ba7 8. Nbd2 h6 9. Nc4 g5 10. Be3 Be6 11. Bxa7 Rxa7 12. Ne3 Qd7 13. Re1 O-O 14. Nd5 Qd8 15. d4 Bg4 16. h3 Bh5 17. g4 Bg6 18. Nxf6+ Qxf6 19. Bd5 Ne7 20. Bb3 Raa8 21. Qd2 Qxf3 0-1


[Site "https://www.chess.com"]

[Event "Titled Tuesday Blitz October 31 Late 2023"]
[White "Sarkar, Justin"]
[Black "Jovic, Stanoje"]
[WhiteFideId "2010011"]
[BlackFideId "905020"]
[WhiteElo "2229"]
[BlackElo "2437"]
[Result "0-1"]
[Round "2"]
[TimeControl "180+1"]
[Date "2023.10.31"]
[WhiteClock "0:00:00"]
[BlackClock "0:01:30"]
[Board "153"]

1. e4 c6 2. d4 d5 3. e5 c5 4. dxc5 e6 5. a3 Bxc5 6. b4 Be7 7. Nf3 f6 8. Bd3 Nc6 9. Bb2 Nh6 10. O-O Nf7 11. exf6 Bxf6 12. Nc3 e5 13. Re1 Be6 14. Na4 O-O 15. Nc5 Bg4 16. h3 Bh5 17. Ne6 Qb6 18. Nxf8 Rxf8 19. g4 Bg6 20. Bxg6 hxg6 21. Qxd5 e4 22. Bxf6 exf3 23. Be7 Rc8 24. Bc5 Qc7 25. Rad1 Qf4 26. Qe4 Qf6 27. Rd7 Nce5 0-1


[Site "https://www.chess.com"]

[Event "Titled Tuesday Blitz October 31 Late 2023"]
[White "Prieto Aranguren, Alain"]
[Black "Quirke, Jeffrey"]
[WhiteFideId "2268906"]
[BlackFideId "2013029"]
[WhiteElo "2436"]
[BlackElo "2221"]
[Result "1-0"]
[Round "2"]
[TimeControl "180+1"]
[Date "2023.10.31"]
[WhiteClock "0:00:49"]
[BlackClock "0:00:01"]
[Board "154"]

1. e4 e6 2. d4 d5 3. Nc3 Nf6 4. e5 Nfd7 5. f4 c5 6. Nf3 Nc6 7. Be3 a6 8. Qd2 b5 9. Be2 Qa5 10. O-O b4 11. Nd1 Qb6 12. c3 a5 13. f5 exf5 14. Ng5 Nd8 15. Rxf5 Be7 16. Nxf7 Nxf7 17. e6 Qxe6 18. Bg4 Nf6 19. Bh3 Qe4 20. Nf2 Bxf5 21. Nxe4 Bxe4 22. dxc5 O-O 23. Bd4 bxc3 24. Qxc3 Ng5 25. a3 Nxh3+ 26. gxh3 Rfc8 27. b4 axb4 28. axb4 Rxa1+ 29. Qxa1 Nh5 30. Qa7 Bg5 31. Qd7 Rf8 32. Qg4 Nf4 33. h4 Bh6 34. c6 Bf5 35. Qd1 Nh3+ 36. Kg2 Nf4+ 37. Kg3 Nh5+ 38. Qxh5 Be4 39. Qg4 Bf4+ 40. Qxf4 Rxf4 41. Kxf4 1-0


[Site "https://www.chess.com"]

[Event "Titled Tuesday Blitz October 31 Late 2023"]
[White "Uddin, Mubassar"]
[Black "Devagharan, Devina"]
[WhiteFideId "2093944"]
[BlackFideId "2061600"]
[WhiteElo "2220"]
[BlackElo "2435"]
[Result "1-0"]
[Round "2"]
[TimeControl "180+1"]
[Date "2023.10.31"]
[WhiteClock "0:00:48"]
[BlackClock "0:00:13"]
[Board "155"]

1. d4 d5 2. c4 e6 3. Nc3 Be7 4. cxd5 exd5 5. Bf4 c6 6. Qc2 Nf6 7. e3 O-O 8. Bd3 Nbd7 9. Nge2 Re8 10. O-O Nf8 11. Rab1 a5 12. Na4 Bd6 13. Bxd6 Qxd6 14. Ng3 Ng6 15. Rbc1 Bd7 16. Nc5 Qc7 17. Qb3 Rab8 18. Bf5 Bxf5 19. Nxf5 Ne7 20. Ng3 Nc8 21. Nd3 Nd6 22. Ne5 Qe7 23. Qb6 Nd7 24. Nxd7 Qxd7 25. Qxa5 Ra8 26. Qb4 Rxa2 27. Rfe1 f5 28. f3 g6 29. Qb3 Raa8 30. e4 fxe4 31. fxe4 Nf7 32. e5 Ng5 33. Qe3 Ne6 34. Rf1 Rf8 35. Rf6 Rxf6 36. exf6 Rf8 37. Rf1 Qd8 38. Qxe6+ 1-0


[Site "https://www.chess.com"]

[Event "Titled Tuesday Blitz October 31 Late 2023"]
[White "Miszler, Levente"]
[Black "Modric, Nesa"]
[WhiteFideId "763276"]
[BlackFideId "922579"]
[WhiteElo "2434"]
[BlackElo "2218"]
[Result "1-0"]
[Round "2"]
[TimeControl "180+1"]
[Date "2023.10.31"]
[WhiteClock "0:01:48"]
[BlackClock "0:00:02"]
[Board "156"]

1. Nf3 d5 2. d4 Nf6 3. Bf4 c5 4. e3 Nc6 5. Nbd2 cxd4 6. exd4 Bf5 7. c3 a6 8. Ne5 Rc8 9. Ndf3 e6 10. Bd3 Bxd3 11. Qxd3 Be7 12. O-O O-O 13. Rfe1 Nxe5 14. Nxe5 Nd7 15. Re3 Nxe5 16. Bxe5 Bf6 17. Rae1 Bxe5 18. Rxe5 b5 19. f4 Qd7 20. f5 exf5 21. Qxf5 Qxf5 22. Rxf5 b4 23. Re3 bxc3 24. bxc3 Rfd8 25. Re7 Rf8 26. Rxd5 Rxc3 27. Ra5 Rd3 28. Rd7 Rb8 29. Rxa6 Rd2 30. h3 h6 31. Raa7 Rbb2 32. Rxf7 Rxg2+ 33. Kf1 Rh2 34. Rxg7+ Kh8 35. Kg1 Rhc2 36. Rgf7 Rxa2 37. Rf8# 1-0


[Site "https://www.chess.com"]

[Event "Titled Tuesday Blitz October 31 Late 2023"]
[White "ChessDojo"]
[Black "Mindhunter08"]
[WhiteElo "2198"]
[BlackElo "2432"]
[Result "0-1"]
[Round "2"]
[TimeControl "180+1"]
[Date "2023.10.31"]
[WhiteClock "0:00:13"]
[BlackClock "0:00:09"]
[Board "157"]

1. c4 c6 2. Nc3 d5 3. cxd5 cxd5 4. d4 Nf6 5. Nf3 Nc6 6. a3 Bg4 7. e3 e6 8. Be2 Bd6 9. Nb5 Bb8 10. O-O O-O 11. Bd2 Ne4 12. Nc3 Qd6 13. g3 Nxd2 14. Nxd2 Bh3 15. Re1 a6 16. Bf1 Bf5 17. Bg2 Bg6 18. b4 Rc8 19. Rc1 Qf8 20. Nb3 b6 21. Na4 Qd8 22. Nb2 Bd6 23. Nd3 a5 24. b5 Ne7 25. a4 Rxc1 26. Nbxc1 Rc8 27. Ne5 Bxe5 28. dxe5 Qc7 29. e4 dxe4 30. Qd4 Qc5 31. Qd7 Qc7 32. Qd4 Nd5 33. Nb3 Qc4 34. Qxc4 Rxc4 35. Nd2 Rxa4 36. Nxe4 h6 37. Nd6 Nc3 38. Bc6 Rb4 39. Nc8 Nxb5 40. Ne7+ Kh7 41. Nc8 Nd4 42. Bg2 a4 43. Ra1 Nc2 44. Rc1 a3 45. Na7 a2 46. Nc6 Rb1 0-1


[Site "https://www.chess.com"]

[Event "Titled Tuesday Blitz October 31 Late 2023"]
[White "Mariia89"]
[Black "Belenkaya, Dina"]
[BlackFideId "24142654"]
[WhiteElo "2192"]
[BlackElo "2431"]
[Result "0-1"]
[Round "2"]
[TimeControl "180+1"]
[Date "2023.10.31"]
[WhiteClock "0:00:00"]
[BlackClock "0:00:12"]
[Board "158"]

1. d4 Nf6 2. Nf3 e6 3. Bg5 c5 4. e3 b6 5. c3 Bb7 6. Bd3 Be7 7. Nbd2 O-O 8. O-O d6 9. Re1 Nbd7 10. h3 h6 11. Bh4 Qc7 12. Qe2 Rfe8 13. a4 a6 14. e4 e5 15. Bg3 Bf8 16. Nh4 g6 17. Bc4 Kg7 18. Nhf3 exd4 19. cxd4 Nxe4 20. Qd3 Ndf6 21. Bf4 cxd4 22. Nxd4 Nxd2 23. Bxd2 Be4 24. Qb3 d5 25. Bf1 Bc5 26. Be3 Qe5 27. Red1 Kh7 28. Rd2 a5 29. Rc1 Rec8 30. Bb5 Nh5 31. Nc6 Qf6 32. Bxc5 Rxc6 33. Bxc6 Qxc6 34. Qxb6 Qxa4 35. Bd4 Qd7 36. Rc7 Qf5 37. Qb7 Rf8 38. Bc5 Qg5 39. g3 Qxd2 40. f3 Qe1+ 41. Kg2 Qxg3+ 0-1


[Site "https://www.chess.com"]

[Event "Titled Tuesday Blitz October 31 Late 2023"]
[White "whiteglovethief"]
[Black "Alfaro, William"]
[BlackFideId "6100457"]
[WhiteElo "2431"]
[BlackElo "2186"]
[Result "1-0"]
[Round "2"]
[TimeControl "180+1"]
[Date "2023.10.31"]
[WhiteClock "0:00:53"]
[BlackClock "0:00:01"]
[Board "159"]

1. d4 Nf6 2. Bg5 g6 3. Bxf6 exf6 4. c3 d5 5. Nd2 Bg7 6. h4 O-O 7. h5 f5 8. e3 Nd7 9. Ngf3 Nf6 10. hxg6 fxg6 11. c4 c6 12. cxd5 cxd5 13. Qb3 b6 14. Rc1 Bb7 15. Ng5 Rc8 16. Rc3 Qd7 17. Ndf3 Ne4 18. Rxh7 Nxc3 19. bxc3 Qc6 20. Kd2 Rc7 21. Bb5 Qd6 22. Rxg7+ Kxg7 23. Ne5 a6 24. Bd3 b5 25. f4 Rh8 26. Nef7 Qe7 27. Nxh8 Kxh8 28. Qb1 Kg7 29. Qh1 Kf6 30. Qh8+ Qg7 31. Qd8+ Qe7 32. Qg8 Bc8 33. g4 Be6 34. Nh7+ Qxh7 35. g5+ Ke7 36. Qxh7+ Kd6 37. Qxg6 1-0


[Site "https://www.chess.com"]

[Event "Titled Tuesday Blitz October 31 Late 2023"]
[White "maciejbrzeski128"]
[Black "Wisniowski, Natalie"]
[BlackFideId "30929261"]
[WhiteElo "2429"]
[BlackElo "2174"]
[Result "1-0"]
[Round "2"]
[TimeControl "180+1"]
[Date "2023.10.31"]
[WhiteClock "0:02:34"]
[BlackClock "0:00:47"]
[Board "160"]

1. e4 c5 2. Nc3 d6 3. f4 Nc6 4. Nf3 Bg4 5. Bc4 e6 6. h3 Bxf3 7. Qxf3 Nd4 8. Bb5+ Nxb5 9. Nxb5 Qb6 10. Nc3 Nf6 11. O-O g6 12. f5 exf5 13. exf5 Be7 14. d3 O-O 15. Bh6 Rfe8 16. fxg6 fxg6 17. Nd5 Qxb2 18. Nxe7+ Rxe7 19. Qxf6 Qxf6 20. Rxf6 d5 21. Raf1 1-0


[Site "https://www.chess.com"]

[Event "Titled Tuesday Blitz October 31 Late 2023"]
[White "Gabdushev, Ruslan"]
[Black "Souza, Gustavo Horokoski De"]
[WhiteFideId "4137833"]
[BlackFideId "2146584"]
[WhiteElo "2424"]
[BlackElo "2173"]
[Result "1-0"]
[Round "2"]
[TimeControl "180+1"]
[Date "2023.10.31"]
[WhiteClock "0:01:14"]
[BlackClock "0:00:39"]
[Board "161"]

1. b3 Nf6 2. Bb2 g6 3. Bxf6 exf6 4. e3 Bg7 5. g3 O-O 6. Bg2 d5 7. d4 f5 8. Ne2 Nd7 9. O-O Nf6 10. c4 c6 11. Nbc3 Be6 12. cxd5 Nxd5 13. Rc1 Re8 14. Qd2 a5 15. Na4 Nf6 16. Nf4 Ne4 17. Qc2 Bd5 18. Nxd5 Qxd5 19. Nb6 Qb5 20. Nxa8 Rxa8 21. Bxe4 fxe4 22. Qxe4 a4 23. bxa4 Qxa4 24. Rc2 h5 25. Rb1 Qa7 26. Qe7 Rb8 27. Rxc6 Qxa2 28. Rxb7 Rxb7 29. Rc8+ Kh7 30. Qxb7 Qe2 31. h4 Qg4 32. Rc7 Qf5 33. Kg2 Kg8 34. Qc8+ 1-0


[Site "https://www.chess.com"]

[Event "Titled Tuesday Blitz October 31 Late 2023"]
[White "Polaczek, Richard"]
[Black "Fernandez Hernandez, Gerardo"]
[WhiteFideId "200026"]
[BlackFideId "2207400"]
[WhiteElo "2422"]
[BlackElo "2165"]
[Result "1-0"]
[Round "2"]
[TimeControl "180+1"]
[Date "2023.10.31"]
[WhiteClock "0:00:14"]
[BlackClock "0:00:00"]
[Board "162"]

1. d4 Nf6 2. Bg5 e6 3. e4 h6 4. Bxf6 Qxf6 5. c3 d5 6. Bd3 c5 7. Nf3 Nc6 8. O-O cxd4 9. exd5 exd5 10. cxd4 Bg4 11. Re1+ Be7 12. Nbd2 O-O 13. h3 Bxf3 14. Nxf3 Bb4 15. Re2 Rfe8 16. a3 Rxe2 17. Qxe2 Bd6 18. Rd1 Kf8 19. Bb1 Re8 20. Qd2 Bf4 21. Qd3 g6 22. Ba2 Qe6 23. g3 Bd6 24. Kg2 Qe4 25. Qb5 Ne7 26. Re1 Qc2 27. Bxd5 Rb8 28. Ba2 1-0


[Site "https://www.chess.com"]